MINNESOTA vs DETROIT

Created - March-07-21 at 20:27

Goals
1 2 3 OT1 T
MINNESOTA 0 1 2 1 4
DETROIT 2 0 1 0 3
Shots
1 2 3 OT1 T
MINNESOTA 4 13 7 3 27
DETROIT 8 3 11 0 22

1st period

1. DETROIT , Taylor Hall 9 (Ryan Nugent-Hopkins 14, Aaron Ekblad 13) at 1:26
2. DETROIT , Max Domi 8 (Ian Cole 8, Oscar Klefbom 17) at 11:12 (PP)

Penalties :
Torey Krug (MIN) for Holding (Minor) at 3:35, Mark Giordano (MIN) for Hooking (Minor) at 9:53

2nd period

3. MINNESOTA , Brett Kulak 3 (Zach Hyman 6, Torey Krug 15) at 7:44

Penalties :
Brett Kulak (MIN) for Tripping (Minor) at 5:35, Zemgus Girgensons (DET) for Tripping (Minor) at 9:17, Mark Giordano (MIN) for Roughing (Minor) at 17:22

3rd period

4. MINNESOTA , John Tavares 7 (Niklas Hjalmarsson 9, Tanner Pearson 7) at 0:50
5. DETROIT , Taylor Hall 10 (Ryan Nugent-Hopkins 15, Aaron Ekblad 14) at 7:03
6. MINNESOTA , Tomas Hertl 8 (Nikita Kucherov 20, Oliver Ekman-Larsson 10) at 7:15

Penalties :
Ian Cole (DET) for Holding (Minor) at 3:26, Brett Kulak (MIN) for Roughing (Minor) at 11:00, Patrik Nemeth (DET) for Roughing (Minor) at 19:10

Overtime #1

7. MINNESOTA , Mark Giordano 7 (Kyle Connor 14, Zach Hyman 7) at 2:40

Penalties :
No Penalty

Goalie Stats

Andrei Vasilevskiy (MIN), 19 saves from 22 shots - (0.864), W, 17-8-2, 62:41 minutes
John Gibson (DET), 23 saves from 27 shots - (0.852), OTL, 17-13-3, 62:41 minutes

Players Stats for MINNESOTA

Player Name              G  A  P  +/- PIM S  H  SB GA TA FO     MP     PP MP  PK MP  
------------------------------------------------------------------------------------
Brett Kulak              1  0  1   1  4   1  2  1  0  0  0/0    16:38   0:24   3:09 
Colin White              0  0  0  -1  0   1  0  0  0  0  7/9     9:07   0:00   0:00 
Dominik Kahun            0  0  0  -1  0   0  0  0  0  0  1/4    12:35   1:53   0:38 
Erik Karlsson            0  0  0  -1  0   1  3  2  0  0  0/0    23:54   2:43   4:55 
Johan Larsson            0  0  0  -1  0   0  0  1  0  0  6/14   10:35   0:00   5:49 
John Tavares             1  0  1   2  0   4  0  0  0  0  11/21  17:58   1:14   0:00 
Kyle Connor              0  1  1   2  0   4  1  0  0  0  1/2    19:47   2:42   0:00 
Mark Giordano            1  0  1  -1  4   1  6  2  0  0  0/0    25:23   1:40   2:56 
Mats Zuccarello          0  0  0  -1  0   0  0  0  0  0  0/0    11:55   0:00   2:48 
Matt Calvert             0  0  0  -1  0   0  0  0  0  0  0/1    10:21   0:00   5:35 
Nikita Kucherov          0  1  1   1  0   4  1  0  0  0  0/1    19:37   2:42   0:00 
Niklas Hjalmarsson       0  1  1   2  0   0  2  4  0  0  0/0    20:26   0:00   5:30 
Oliver Ekman-Larsson     0  1  1   2  0   0  2  0  0  0  0/0    18:33   1:40   1:34 
Tanner Pearson           0  1  1   2  0   1  1  0  0  0  0/0    17:16   1:19   0:00 
Tomas Hertl              1  0  1   1  0   5  3  0  0  0  14/24  21:24   2:05   2:48 
Torey Krug               0  1  1   0  2   2  1  0  0  0  0/0    18:52   3:07   0:26 
William Carrier          0  0  0  -1  0   1  1  0  0  0  0/0     7:21   0:46   0:52 
Zach Hyman               0  2  2   3  0   2  0  0  0  0  0/0    18:11   1:40   0:00 

Players Stats for DETROIT

Player Name              G  A  P  +/- PIM S  H  SB GA TA FO     MP     PP MP  PK MP  
------------------------------------------------------------------------------------
Aaron Ekblad             0  2  2   1  0   1  1  1  0  0  0/0    22:38   5:09   3:10 
Alexander Wennberg       0  0  0   0  0   1  0  0  0  0  5/5     6:21   0:00   0:00 
Andrej Sekera            0  0  0  -2  0   0  1  0  0  0  0/0    15:17   0:00   0:41 
Brendan Smith            0  0  0   0  0   0  1  3  0  0  0/0     4:58   0:00   0:00 
Calle Jarnkrok           0  0  0   2  0   1  1  0  0  0  1/2    18:42   5:00   0:20 
Chandler Stephenson      0  0  0   0  0   0  0  0  0  0  0/0     7:10   0:00   0:00 
Christian Dvorak         0  0  0  -2  0   0  2  1  0  0  10/21  18:54   4:15   1:10 
Colton Sceviour          0  0  0  -1  0   1  1  0  0  0  0/0    14:00   0:00   0:25 
Ian Cole                 0  1  1  -1  2   0  5  3  0  0  0/0    19:47   4:06   2:06 
Justin Abdelkader        0  0  0  -2  0   0  5  0  0  0  0/0    14:17   0:00   0:00 
Max Domi                 1  0  1  -3  0   3  2  0  0  0  0/2    19:36   4:15   1:10 
Oscar Klefbom            0  1  1  -1  0   0  1  2  0  0  0/0    20:29   4:06   2:47 
Patrik Nemeth            0  0  0  -2  2   0  1  1  0  0  0/0    13:46   0:00   0:00 
Robert Bortuzzo          0  0  0   0  0   0  0  0  0  0  0/0     4:58   0:00   0:00 
Ryan Nugent-Hopkins      0  2  2   2  0   3  3  1  0  0  15/28  21:43   5:00   4:10 
Scott Laughton           0  0  0  -1  0   2  0  0  0  0  4/15   13:35   0:00   0:00 
Taylor Hall              2  0  2   2  0   5  2  0  0  0  1/3    21:02   5:00   3:29 
Tyler Myers              0  0  0   2  0   3  3  1  0  0  0/0    21:56   5:09   3:10 
Valeri Nichushkin        0  0  0   0  0   0  0  0  0  0  0/0     6:21   0:00   0:00 
Zemgus Girgensons        0  0  0  -2  2   2  2  0  0  0  0/0    17:43   4:15   0:00 

3 Stars

1 - Taylor Hall (DET)
2 - Zach Hyman (MIN)
3 - Ryan Nugent-Hopkins (DET)

Power Play

MINNESOTA - 0 on 3 Attempt(s) - 0.00%
DETROIT - 1 on 5 Attempt(s) - 20.00%

Penalty Kill

MINNESOTA - 4 on 5 Attempt(s) - 80.00% - Score 0 goal in Penalty Kill
DETROIT - 3 on 3 Attempt(s) - 100.00% - Score 0 goal in Penalty Kill

Team Stat

MINNESOTA - Hits : 23 - Faceoff Wins : 40 - Blocked Shots : 10 - Penalty Minutes : 10
DETROIT - Hits : 31 - Faceoff Wins : 36 - Blocked Shots : 13 - Penalty Minutes : 6

Official

Referees : Robert Hennessey and Mike Duco
Linesman : Brent Hooks and Brian Murphy

Game Notes

No Game Note

Finance

Level 1 -- Attendance: 4046 (67.43%) -- Ticket Income $445,060
Level 2 -- Attendance: 3716 (74.32%) -- Ticket Income $222,960
Level 3 -- Attendance: 1517 (75.85%) -- Ticket Income $60,680
Level 4 -- Attendance: 2402 (60.05%) -- Ticket Income $60,050
Luxury Box -- Attendance: 1000 (100.00%) -- Ticket Income $180,000
Game was played at the Little Caesars Arena.
Total Attendance: 12681 (70.45%)
Total Ticket Income: $968,750
Total Income: $968,750

MINNESOTA

5 vs 5 Forward 
   Center                   Left Wing                Right Wing               Time % Phy DF OF 
 1 Tomas Hertl              Kyle Connor              Nikita Kucherov          37     0   2  3  
 2 John Tavares             Tanner Pearson           Zach Hyman               33     1   2  2  
 3 Colin White              Dominik Kahun            Mats Zuccarello          20     1   3  1  
 4 Johan Larsson            William Carrier          Matt Calvert             10     2   2  1  

5 vs 5 Defense 
   Defense                  Defense                                           Time % Phy DF OF 
 1 Mark Giordano            Erik Karlsson                                     35     1   2  2  
 2 Oliver Ekman-Larsson     Niklas Hjalmarsson                                30     1   2  2  
 3 Brett Kulak              Torey Krug                                        25     1   2  2  
 4 Torey Krug               Mark Giordano                                     10     0   2  3  

PowerPlay Forward 
   Center                   Left Wing                Right Wing               Time % Phy DF OF 
 1 John Tavares             Nikita Kucherov          Kyle Connor              60     0   1  4  
 2 Tomas Hertl              Tanner Pearson           Zach Hyman               40     1   1  3  

PowerPlay Defense
   Defense                  Defense                                           Time % Phy DF OF 
 1 Torey Krug               Erik Karlsson                                     60     0   1  4  
 2 Oliver Ekman-Larsson     Mark Giordano                                     40     1   1  3  

Penalty Kill 4 Players Forward 
   Center                   Wing                     Time % Phy DF OF 
 1 Johan Larsson            Matt Calvert             60     1   3  1  
 2 Tomas Hertl              Mats Zuccarello          40     1   3  1  

Penalty Kill 4 Players Defense
   Defense                  Defense                  Time % Phy DF OF 
 1 Mark Giordano            Erik Karlsson            60     1   3  1  
 2 Niklas Hjalmarsson       Brett Kulak              40     1   4  0  

Penalty Kill - 3 Players Forward 
   Forward                                           Time % Phy DF OF 
 1 Johan Larsson                                     60     1   4  0  
 2 Matt Calvert                                      40     1   4  0  

Penalty Kill - 3 Players Defense
   Defense                  Defense                  Time % Phy DF OF 
 1 Mark Giordano            Niklas Hjalmarsson       60     1   4  0  
 2 Oliver Ekman-Larsson     Mats Zuccarello          40     1   4  0  

4 vs 4 Forward 
   Center                   Wing                     Time % Phy DF OF 
 1 John Tavares             Nikita Kucherov          60     1   2  2  
 2 Tomas Hertl              Kyle Connor              40     1   1  3  

4 vs 4 Defense
   Defense                  Defense                  Time % Phy DF OF 
 1 Mark Giordano            Torey Krug               60     1   2  2  
 2 Oliver Ekman-Larsson     Erik Karlsson            40     1   2  2  

Last Minutes Offensive
   Center                   Left Wing                Right Wing               Defense                  Defense                  
   Tomas Hertl              Kyle Connor              Nikita Kucherov          Torey Krug               Erik Karlsson            

Last Minutes Defensive
   Center                   Left Wing                Right Wing               Defense                  Defense                  
   Tomas Hertl              Tanner Pearson           Matt Calvert             Mark Giordano            Niklas Hjalmarsson       

Goaltenders
Starting : Andrei Vasilevskiy       
Backup : Gilles Senn              

Extra Forwards
Normal : Tomas Hertl, Zach Hyman, Nikita Kucherov - PP : Zach Hyman, Nikita Kucherov - PK : Tomas Hertl
Extra Defensemen
Normal : Oliver Ekman-Larsson, Erik Karlsson, Mark Giordano - PP : Torey Krug - PK : Niklas Hjalmarsson, Mark Giordano
Penalty Shots
Nikita Kucherov, Mats Zuccarello, Kyle Connor, Tomas Hertl, Tanner Pearson

Scratches
MIN Cap Hit (Healthy)

DETROIT

5 vs 5 Forward 
   Center                   Left Wing                Right Wing               Time % Phy DF OF 
 1 Ryan Nugent-Hopkins      Taylor Hall              Calle Jarnkrok           35     1   2  2  
 2 Christian Dvorak         Max Domi                 Zemgus Girgensons        30     1   2  2  
 3 Scott Laughton           Colton Sceviour          Justin Abdelkader        25     1   2  2  
 4 Alexander Wennberg       Chandler Stephenson      Valeri Nichushkin        10     1   2  2  

5 vs 5 Defense 
   Defense                  Defense                                           Time % Phy DF OF 
 1 Aaron Ekblad             Tyler Myers                                       35     1   2  2  
 2 Oscar Klefbom            Ian Cole                                          30     1   2  2  
 3 Patrik Nemeth            Andrej Sekera                                     25     1   2  2  
 4 Robert Bortuzzo          Brendan Smith                                     10     1   2  2  

PowerPlay Forward 
   Center                   Left Wing                Right Wing               Time % Phy DF OF 
 1 Ryan Nugent-Hopkins      Taylor Hall              Calle Jarnkrok           60     1   2  2  
 2 Christian Dvorak         Max Domi                 Zemgus Girgensons        40     1   2  2  

PowerPlay Defense
   Defense                  Defense                                           Time % Phy DF OF 
 1 Aaron Ekblad             Tyler Myers                                       60     1   2  2  
 2 Oscar Klefbom            Ian Cole                                          40     1   2  2  

Penalty Kill 4 Players Forward 
   Center                   Wing                     Time % Phy DF OF 
 1 Ryan Nugent-Hopkins      Taylor Hall              60     1   2  2  
 2 Max Domi                 Christian Dvorak         40     1   2  2  

Penalty Kill 4 Players Defense
   Defense                  Defense                  Time % Phy DF OF 
 1 Aaron Ekblad             Tyler Myers              60     1   2  2  
 2 Oscar Klefbom            Ian Cole                 40     1   2  2  

Penalty Kill - 3 Players Forward 
   Forward                                           Time % Phy DF OF 
 1 Ryan Nugent-Hopkins                               60     1   2  2  
 2 Taylor Hall                                       40     1   2  2  

Penalty Kill - 3 Players Defense
   Defense                  Defense                  Time % Phy DF OF 
 1 Aaron Ekblad             Tyler Myers              60     1   2  2  
 2 Oscar Klefbom            Ian Cole                 40     1   2  2  

4 vs 4 Forward 
   Center                   Wing                     Time % Phy DF OF 
 1 Ryan Nugent-Hopkins      Taylor Hall              60     1   2  2  
 2 Max Domi                 Christian Dvorak         40     1   2  2  

4 vs 4 Defense
   Defense                  Defense                  Time % Phy DF OF 
 1 Aaron Ekblad             Tyler Myers              60     1   2  2  
 2 Oscar Klefbom            Ian Cole                 40     1   2  2  

Last Minutes Offensive
   Center                   Left Wing                Right Wing               Defense                  Defense                  
   Ryan Nugent-Hopkins      Taylor Hall              Calle Jarnkrok           Aaron Ekblad             Tyler Myers              

Last Minutes Defensive
   Center                   Left Wing                Right Wing               Defense                  Defense                  
   Ryan Nugent-Hopkins      Taylor Hall              Calle Jarnkrok           Aaron Ekblad             Tyler Myers              

Goaltenders
Starting : John Gibson              
Backup : Pheonix Copley           

Extra Forwards
Normal : Scott Laughton, Alexander Wennberg, Colton Sceviour - PP : Scott Laughton, Alexander Wennberg - PK : Colton Sceviour
Extra Defensemen
Normal : Patrik Nemeth, Andrej Sekera, Robert Bortuzzo - PP : Patrik Nemeth - PK : Andrej Sekera, Robert Bortuzzo
Penalty Shots
Ryan Nugent-Hopkins, Taylor Hall, Max Domi, Christian Dvorak, Calle Jarnkrok

Scratches
Tomas Nosek (Healthy), DET CAPHIT (Suspend)

% Time on Ice - MINNESOTA

Lines # - Real PCT - Wanted PCT - Time Play
Normal Forward
1 - 35% - 37% - 16:08
2 - 35% - 33% - 15:57
3 - 20% - 20% - 9:07
4 - 10% - 10% - 4:46
Normal Defense
1 - 35% - 35% - 15:53
2 - 32% - 30% - 14:56
3 - 26% - 25% - 12:10
4 - 6% - 10% - 2:59
PP Forward
1 - 56% - 60% - 2:42
2 - 44% - 40% - 2:05
PP Defense
1 - 65% - 60% - 3:07
2 - 35% - 40% - 1:40
PK Forward
1 - 70% - 60% - 6:27
2 - 30% - 40% - 2:48
PK Defense
1 - 40% - 60% - 3:43
2 - 60% - 40% - 5:32
PK3 Forward
1 - 0% - 60%
2 - 0% - 40%
PK3 Defense
1 - 0% - 60%
2 - 0% - 40%
44 Forward
1 - 67% - 60% - 0:47
2 - 33% - 40% - 0:23
44 Defense
1 - 67% - 60% - 0:47
2 - 33% - 40% - 0:23
Last Minute Offensive  - 0:00
Last Minute Defensive  - 0:00
Total
Forward - 61:10
Defense - 61:10

% Time on Ice - DETROIT

Lines # - Real PCT - Wanted PCT - Time Play
Normal Forward
1 - 27% - 35% - 12:33
2 - 29% - 30% - 13:29
3 - 30% - 25% - 13:35
4 - 14% - 10% - 6:21
Normal Defense
1 - 30% - 35% - 13:37
2 - 30% - 30% - 13:36
3 - 30% - 25% - 13:47
4 - 11% - 10% - 4:58
PP Forward
1 - 54% - 60% - 5:00
2 - 46% - 40% - 4:15
PP Defense
1 - 56% - 60% - 5:09
2 - 44% - 40% - 4:06
PK Forward
1 - 76% - 60% - 3:37
2 - 24% - 40% - 1:10
PK Defense
1 - 58% - 60% - 2:46
2 - 42% - 40% - 2:01
PK3 Forward
1 - 83% - 60% - 0:58
2 - 17% - 40% - 0:12
PK3 Defense
1 - 34% - 60% - 0:24
2 - 66% - 40% - 0:46
44 Forward
1 - 0% - 60%
2 - 0% - 40%
44 Defense
1 - 0% - 60%
2 - 0% - 40%
Last Minute Offensive  - 0:00
Last Minute Defensive  - 0:00
Total
Forward - 61:10
Defense - 61:10

Play-by-Play

1st period


0:01 of 1st period - Tomas Hertl wins face-off versus Ryan Nugent-Hopkins in neutral zone.
0:03 of 1st period - Off-side.
0:04 of 1st period - John Tavares wins face-off versus Christian Dvorak in neutral zone.
0:13 of 1st period - Shot by John Tavares.
0:13 of 1st period - Shot Misses the Net.
0:23 of 1st period - Shot by John Tavares.
0:23 of 1st period - Stopped by John Gibson without a rebound.
0:24 of 1st period - Tomas Hertl wins face-off versus Scott Laughton in DETROIT zone.
0:47 of 1st period - Colton Sceviour is hit by Torey Krug and loses puck.
0:54 of 1st period - Shot by Scott Laughton.
0:54 of 1st period - Shot Misses the Net.
1:26 of 1st period - Shot by Ryan Nugent-Hopkins.
1:26 of 1st period - Deflect By Taylor Hall.
1:26 of 1st period - Goal by Taylor Hall - MINNESOTA : 0 - DETROIT : 1.
1:27 of 1st period - Alexander Wennberg wins face-off versus John Tavares in neutral zone.
1:44 of 1st period - Shot by John Tavares.
1:44 of 1st period - Shot Blocked by Brendan Smith.
1:46 of 1st period - Shot by Niklas Hjalmarsson.
1:46 of 1st period - Shot Misses the Net.
1:48 of 1st period - Shot by Niklas Hjalmarsson.
1:48 of 1st period - Shot Misses the Net.
2:41 of 1st period - Dominik Kahun is hit by Calle Jarnkrok and loses puck.
3:25 of 1st period - William Carrier is hit by Max Domi and loses puck.
3:35 of 1st period - Minor Penalty to Torey Krug for Holding.
3:36 of 1st period - Johan Larsson wins face-off versus Christian Dvorak in MINNESOTA zone.
4:05 of 1st period - Shot by Tyler Myers.
4:05 of 1st period - Stopped by Andrei Vasilevskiy without a rebound.
4:06 of 1st period - Tomas Hertl wins face-off versus Ryan Nugent-Hopkins in MINNESOTA zone.
4:13 of 1st period - Icing by Taylor Hall.
4:14 of 1st period - Johan Larsson wins face-off versus Taylor Hall in DETROIT zone.
5:12 of 1st period - Shot by Aaron Ekblad.
5:12 of 1st period - Stopped by Andrei Vasilevskiy without a rebound.
5:13 of 1st period - Christian Dvorak wins face-off versus Johan Larsson in MINNESOTA zone.
5:38 of 1st period - Shot by Justin Abdelkader.
5:38 of 1st period - Shot Hit the Post.
5:44 of 1st period - Shot by Scott Laughton.
5:44 of 1st period - Shot Misses the Net.
6:04 of 1st period - Shot by Scott Laughton.
6:04 of 1st period - Shot Blocked by Mark Giordano.
6:06 of 1st period - Shot by Patrik Nemeth.
6:06 of 1st period - Shot Misses the Net.
6:49 of 1st period - Shot by Tomas Hertl.
6:49 of 1st period - Shot Misses the Net.
7:12 of 1st period - Shot by Ryan Nugent-Hopkins.
7:12 of 1st period - Stopped by Andrei Vasilevskiy without a rebound.
7:13 of 1st period - Colin White wins face-off versus Christian Dvorak in MINNESOTA zone.
7:13 of 1st period - Colin White is hit by Max Domi.
8:09 of 1st period - Shot by Calle Jarnkrok.
8:09 of 1st period - Stopped by Andrei Vasilevskiy without a rebound.
8:10 of 1st period - John Tavares wins face-off versus Scott Laughton in MINNESOTA zone.
8:10 of 1st period - John Tavares is hit by Justin Abdelkader.
8:30 of 1st period - Tanner Pearson is hit by Justin Abdelkader and loses puck.
8:37 of 1st period - Shot by Scott Laughton.
8:37 of 1st period - Stopped by Andrei Vasilevskiy without a rebound.
8:38 of 1st period - Ryan Nugent-Hopkins wins face-off versus Nikita Kucherov in MINNESOTA zone.
8:46 of 1st period - Icing by Oliver Ekman-Larsson.
8:47 of 1st period - Tomas Hertl wins face-off versus Ryan Nugent-Hopkins in MINNESOTA zone.
9:07 of 1st period - Icing by Nikita Kucherov.
9:08 of 1st period - Tomas Hertl wins face-off versus Christian Dvorak in MINNESOTA zone.
9:08 of 1st period - Tomas Hertl is hit by Zemgus Girgensons.
9:31 of 1st period - Nikita Kucherov is hit by Ian Cole and loses puck.
9:34 of 1st period - Shot by Tomas Hertl.
9:34 of 1st period - Deflect By Nikita Kucherov.
9:34 of 1st period - Stopped by John Gibson without a rebound.
9:35 of 1st period - Ryan Nugent-Hopkins wins face-off versus John Tavares in DETROIT zone.
9:44 of 1st period - Shot by Ryan Nugent-Hopkins.
9:44 of 1st period - Stopped by Andrei Vasilevskiy without a rebound.
9:45 of 1st period - Johan Larsson wins face-off versus Scott Laughton in MINNESOTA zone.
9:45 of 1st period - Erik Karlsson is hit by Justin Abdelkader and loses puck.
9:53 of 1st period - Minor Penalty to Mark Giordano for Hooking.
9:54 of 1st period - Johan Larsson wins face-off versus Ryan Nugent-Hopkins in MINNESOTA zone.
11:08 of 1st period - Shot by Oscar Klefbom.
11:08 of 1st period - Shot Misses the Net.
11:10 of 1st period - Shot by Ian Cole.
11:10 of 1st period - Shot Misses the Net.
11:12 of 1st period - Shot by Max Domi.
11:12 of 1st period - Goal by Max Domi - MINNESOTA : 0 - DETROIT : 2.
11:13 of 1st period - Scott Laughton wins face-off versus John Tavares in neutral zone.
11:32 of 1st period - Icing by Patrik Nemeth.
11:33 of 1st period - Scott Laughton wins face-off versus Tomas Hertl in DETROIT zone.
12:02 of 1st period - Tomas Hertl is hit by Colton Sceviour and loses puck.
13:15 of 1st period - Shot by John Tavares.
13:15 of 1st period - Stopped by John Gibson without a rebound.
13:16 of 1st period - Christian Dvorak wins face-off versus Johan Larsson in DETROIT zone.
13:39 of 1st period - Shot by Matt Calvert.
13:39 of 1st period - Shot Blocked by Ian Cole.
13:41 of 1st period - Shot by Johan Larsson.
13:41 of 1st period - Shot Misses the Net.
13:53 of 1st period - Shot by William Carrier.
13:53 of 1st period - Shot Misses the Net.
14:59 of 1st period - Colin White is hit by Taylor Hall and loses puck.
15:13 of 1st period - Icing by Torey Krug.
15:14 of 1st period - Alexander Wennberg wins face-off versus Dominik Kahun in MINNESOTA zone.
15:45 of 1st period - Shot by Matt Calvert.
15:45 of 1st period - Shot Misses the Net.
16:43 of 1st period - Shot by Nikita Kucherov.
16:43 of 1st period - Shot Misses the Net.
17:47 of 1st period - Shot by John Tavares.
17:47 of 1st period - Stopped by John Gibson with a rebound.
17:49 of 1st period - Shot by Zach Hyman.
17:49 of 1st period - Shot Misses the Net.
17:51 of 1st period - Shot by Tanner Pearson.
17:51 of 1st period - Shot Blocked by Tyler Myers.
18:05 of 1st period - Dominik Kahun is hit by Ryan Nugent-Hopkins.
18:16 of 1st period - Icing by Oliver Ekman-Larsson.
18:17 of 1st period - Colin White wins face-off versus Christian Dvorak in MINNESOTA zone.
18:51 of 1st period - Matt Calvert is hit by Christian Dvorak and loses puck.
19:03 of 1st period - Icing by Ian Cole.
19:04 of 1st period - Tomas Hertl wins face-off versus Christian Dvorak in DETROIT zone.
19:23 of 1st period - Kyle Connor is hit by Ian Cole and loses puck.
19:34 of 1st period - Shot by Brett Kulak.
19:34 of 1st period - Shot Blocked by Ian Cole.
19:51 of 1st period - Max Domi is hit by Mark Giordano and loses puck.
Goals for this period are 0 for MINNESOTA vs 2 for DETROIT.
Shots for this period are 4 for MINNESOTA vs 8 for DETROIT.

2nd period


0:01 of 2nd period - John Tavares wins face-off versus Ryan Nugent-Hopkins in neutral zone.
0:11 of 2nd period - Tyler Myers is hit by Mark Giordano and loses puck.
0:46 of 2nd period - John Tavares is hit by Taylor Hall and loses puck.
1:24 of 2nd period - Icing by Patrik Nemeth.
1:25 of 2nd period - Tomas Hertl wins face-off versus Scott Laughton in DETROIT zone.
1:26 of 2nd period - Shot by Nikita Kucherov.
1:26 of 2nd period - Stopped by John Gibson without a rebound.
1:27 of 2nd period - Tomas Hertl wins face-off versus Christian Dvorak in DETROIT zone.
1:27 of 2nd period - Tomas Hertl is hit by Ian Cole.
1:47 of 2nd period - Shot by Nikita Kucherov.
1:47 of 2nd period - Stopped by John Gibson without a rebound.
1:48 of 2nd period - Colin White wins face-off versus Scott Laughton in DETROIT zone.
1:48 of 2nd period - Brett Kulak is hit by Andrej Sekera and loses puck.
2:01 of 2nd period - Shot by Dominik Kahun.
2:01 of 2nd period - Shot Misses the Net.
2:11 of 2nd period - Shot by Mats Zuccarello.
2:11 of 2nd period - Shot Blocked by Patrik Nemeth.
2:13 of 2nd period - Shot by Colin White.
2:13 of 2nd period - Stopped by John Gibson without a rebound.
2:14 of 2nd period - Tomas Hertl wins face-off versus Max Domi in DETROIT zone.
2:20 of 2nd period - Kyle Connor is hit by Tyler Myers and loses puck.
2:29 of 2nd period - Shot by Max Domi.
2:29 of 2nd period - Stopped by Andrei Vasilevskiy without a rebound.
2:30 of 2nd period - Calle Jarnkrok wins face-off versus Johan Larsson in MINNESOTA zone.
2:30 of 2nd period - Calle Jarnkrok is hit by Erik Karlsson.
2:41 of 2nd period - Ryan Nugent-Hopkins is hit by Erik Karlsson and loses puck.
2:46 of 2nd period - Shot by Ryan Nugent-Hopkins.
2:46 of 2nd period - Shot Misses the Net.
3:02 of 2nd period - Shot by Taylor Hall.
3:02 of 2nd period - Stopped by Andrei Vasilevskiy without a rebound.
3:03 of 2nd period - Tomas Hertl wins face-off versus Scott Laughton in MINNESOTA zone.
3:03 of 2nd period - Tomas Hertl is hit by Justin Abdelkader.
3:09 of 2nd period - Aaron Ekblad is hit by Nikita Kucherov and loses puck.
3:18 of 2nd period - Shot by Tomas Hertl.
3:18 of 2nd period - Stopped by John Gibson without a rebound.
3:19 of 2nd period - John Tavares wins face-off versus Christian Dvorak in DETROIT zone.
3:20 of 2nd period - Shot by Tanner Pearson.
3:20 of 2nd period - Stopped by John Gibson without a rebound.
3:21 of 2nd period - Ryan Nugent-Hopkins wins face-off versus Tomas Hertl in DETROIT zone.
3:23 of 2nd period - Aaron Ekblad is hit by Kyle Connor and loses puck.
3:39 of 2nd period - Icing by Aaron Ekblad.
3:40 of 2nd period - John Tavares wins face-off versus Ryan Nugent-Hopkins in DETROIT zone.
3:40 of 2nd period - Oliver Ekman-Larsson is hit by Tyler Myers and loses puck.
4:06 of 2nd period - Shot by Taylor Hall.
4:06 of 2nd period - Shot Blocked by Niklas Hjalmarsson.
4:53 of 2nd period - Max Domi is hit by Mark Giordano and loses puck.
5:35 of 2nd period - Minor Penalty to Brett Kulak for Tripping.
5:36 of 2nd period - Ryan Nugent-Hopkins wins face-off versus Matt Calvert in MINNESOTA zone.
5:36 of 2nd period - Ryan Nugent-Hopkins is hit by Niklas Hjalmarsson.
5:41 of 2nd period - Ryan Nugent-Hopkins is hit by Niklas Hjalmarsson and loses puck.
6:14 of 2nd period - Shot by Taylor Hall.
6:14 of 2nd period - Shot Misses the Net.
6:16 of 2nd period - Shot by Tyler Myers.
6:16 of 2nd period - Shot Blocked by Erik Karlsson.
7:14 of 2nd period - Icing by Ryan Nugent-Hopkins.
7:15 of 2nd period - Ryan Nugent-Hopkins wins face-off versus Johan Larsson in DETROIT zone.
7:42 of 2nd period - Shot by Zach Hyman.
7:42 of 2nd period - Stopped by John Gibson with a rebound.
7:44 of 2nd period - Shot by Brett Kulak.
7:44 of 2nd period - Goal by Brett Kulak - MINNESOTA : 1 - DETROIT : 2.
7:45 of 2nd period - Alexander Wennberg wins face-off versus Tomas Hertl in neutral zone.
7:47 of 2nd period - Chandler Stephenson is hit by Brett Kulak.
7:59 of 2nd period - Shot by Chandler Stephenson.
7:59 of 2nd period - Shot Misses the Net.
8:24 of 2nd period - Patrik Nemeth is hit by Tomas Hertl and loses puck.
8:54 of 2nd period - John Tavares is hit by Patrik Nemeth.
9:17 of 2nd period - Minor Penalty to Zemgus Girgensons for Tripping.
9:18 of 2nd period - Ryan Nugent-Hopkins wins face-off versus John Tavares in DETROIT zone.
10:55 of 2nd period - Shot by Erik Karlsson.
10:55 of 2nd period - Stopped by John Gibson without a rebound.
10:56 of 2nd period - Tomas Hertl wins face-off versus Ryan Nugent-Hopkins in DETROIT zone.
11:23 of 2nd period - Mats Zuccarello is hit by Brendan Smith and loses puck.
11:30 of 2nd period - Shot by Mark Giordano.
11:30 of 2nd period - Shot Blocked by Brendan Smith.
11:48 of 2nd period - Shot by Dominik Kahun.
11:48 of 2nd period - Shot Blocked by Brendan Smith.
12:43 of 2nd period - Andrej Sekera is hit by Tomas Hertl and loses puck.
12:50 of 2nd period - Shot by Kyle Connor.
12:50 of 2nd period - Shot Blocked by Christian Dvorak.
12:52 of 2nd period - Shot by Kyle Connor.
12:52 of 2nd period - Stopped by John Gibson with a rebound.
12:54 of 2nd period - Shot by Nikita Kucherov.
12:54 of 2nd period - Shot Misses the Net.
12:56 of 2nd period - Shot by Tomas Hertl.
12:56 of 2nd period - Stopped by John Gibson without a rebound.
12:57 of 2nd period - John Tavares wins face-off versus Ryan Nugent-Hopkins in DETROIT zone.
12:57 of 2nd period - John Tavares is hit by Tyler Myers.
13:25 of 2nd period - Shot by John Tavares.
13:25 of 2nd period - Deflect By Zach Hyman.
13:25 of 2nd period - Stopped by John Gibson without a rebound.
13:26 of 2nd period - Colin White wins face-off versus Scott Laughton in DETROIT zone.
14:17 of 2nd period - Shot by Kyle Connor.
14:17 of 2nd period - Stopped by John Gibson without a rebound.
14:18 of 2nd period - Ryan Nugent-Hopkins wins face-off versus John Tavares in DETROIT zone.
15:12 of 2nd period - Shot by Kyle Connor.
15:12 of 2nd period - Stopped by John Gibson without a rebound.
15:13 of 2nd period - Colin White wins face-off versus Christian Dvorak in DETROIT zone.
15:43 of 2nd period - Shot by Christian Dvorak.
15:43 of 2nd period - Deflect By Max Domi.
15:43 of 2nd period - Shot Misses the Net.
16:14 of 2nd period - Off-side.
16:15 of 2nd period - John Tavares wins face-off versus Scott Laughton in neutral zone.
16:20 of 2nd period - Icing by Oscar Klefbom.
16:21 of 2nd period - Scott Laughton wins face-off versus Tomas Hertl in DETROIT zone.
16:21 of 2nd period - Scott Laughton is hit by Tomas Hertl.
17:12 of 2nd period - Oscar Klefbom is hit by Erik Karlsson and loses puck.
17:22 of 2nd period - Minor Penalty to Mark Giordano for Roughing.
17:23 of 2nd period - Ryan Nugent-Hopkins wins face-off versus Johan Larsson in MINNESOTA zone.
17:50 of 2nd period - Shot by Taylor Hall.
17:50 of 2nd period - Shot Blocked by Niklas Hjalmarsson.
17:52 of 2nd period - Shot by Aaron Ekblad.
17:52 of 2nd period - Shot Blocked by Niklas Hjalmarsson.
17:54 of 2nd period - Shot by Taylor Hall.
17:54 of 2nd period - Shot Blocked by Johan Larsson.
17:56 of 2nd period - Shot by Tyler Myers.
17:56 of 2nd period - Shot Misses the Net.
17:58 of 2nd period - Shot by Tyler Myers.
17:58 of 2nd period - Stopped by Andrei Vasilevskiy with a rebound.
18:19 of 2nd period - Icing by Ian Cole.
18:20 of 2nd period - Christian Dvorak wins face-off versus Tomas Hertl in DETROIT zone.
19:37 of 2nd period - Shot by John Tavares.
19:37 of 2nd period - Shot Misses the Net.
19:39 of 2nd period - Shot by Tanner Pearson.
19:39 of 2nd period - Shot Misses the Net.
Goals for this period are 1 for MINNESOTA vs 0 for DETROIT.
Shots for this period are 13 for MINNESOTA vs 3 for DETROIT.

3rd period


0:01 of 3rd period - Tomas Hertl wins face-off versus Ryan Nugent-Hopkins in neutral zone.
0:16 of 3rd period - Shot by Ryan Nugent-Hopkins.
0:16 of 3rd period - Stopped by Andrei Vasilevskiy without a rebound.
0:17 of 3rd period - John Tavares wins face-off versus Christian Dvorak in MINNESOTA zone.
0:50 of 3rd period - Shot by John Tavares.
0:50 of 3rd period - Goal by John Tavares - MINNESOTA : 2 - DETROIT : 2.
0:51 of 3rd period - Ryan Nugent-Hopkins wins face-off versus Tomas Hertl in neutral zone.
1:25 of 3rd period - Shot by Kyle Connor.
1:25 of 3rd period - Shot Misses the Net.
2:02 of 3rd period - Shot by Mats Zuccarello.
2:02 of 3rd period - Shot Misses the Net.
2:08 of 3rd period - Shot by Mats Zuccarello.
2:08 of 3rd period - Shot Misses the Net.
2:10 of 3rd period - Shot by Torey Krug.
2:10 of 3rd period - Stopped by John Gibson without a rebound.
2:11 of 3rd period - Christian Dvorak wins face-off versus John Tavares in DETROIT zone.
2:18 of 3rd period - Zach Hyman is hit by Christian Dvorak and loses puck.
2:35 of 3rd period - Shot by Christian Dvorak.
2:35 of 3rd period - Shot Blocked by Niklas Hjalmarsson.
3:05 of 3rd period - John Tavares is hit by Ian Cole and loses puck.
3:25 of 3rd period - Shot by Kyle Connor.
3:25 of 3rd period - Shot Blocked by Ian Cole.
3:26 of 3rd period - Minor Penalty to Ian Cole for Holding.
3:27 of 3rd period - Taylor Hall wins face-off versus Dominik Kahun in DETROIT zone.
4:00 of 3rd period - Shot by Torey Krug.
4:00 of 3rd period - Stopped by John Gibson without a rebound.
4:01 of 3rd period - Tomas Hertl wins face-off versus Ryan Nugent-Hopkins in DETROIT zone.
4:01 of 3rd period - Mark Giordano is hit by Oscar Klefbom and loses puck.
4:26 of 3rd period - Shot by Tomas Hertl.
4:26 of 3rd period - Stopped by John Gibson without a rebound.
4:27 of 3rd period - Christian Dvorak wins face-off versus John Tavares in DETROIT zone.
4:59 of 3rd period - John Tavares is hit by Aaron Ekblad and loses puck.
5:48 of 3rd period - Shot by Scott Laughton.
5:48 of 3rd period - Stopped by Andrei Vasilevskiy without a rebound.
5:49 of 3rd period - Alexander Wennberg wins face-off versus Johan Larsson in MINNESOTA zone.
5:52 of 3rd period - Shot by Alexander Wennberg.
5:52 of 3rd period - Stopped by Andrei Vasilevskiy without a rebound.
5:53 of 3rd period - Alexander Wennberg wins face-off versus Johan Larsson in MINNESOTA zone.
6:33 of 3rd period - Alexander Wennberg is hit by Mark Giordano and loses puck.
7:00 of 3rd period - Taylor Hall is hit by Mark Giordano and loses puck.
7:03 of 3rd period - Shot by Ryan Nugent-Hopkins.
7:03 of 3rd period - Deflect By Taylor Hall.
7:03 of 3rd period - Goal by Taylor Hall - MINNESOTA : 2 - DETROIT : 3.
7:04 of 3rd period - Tomas Hertl wins face-off versus Christian Dvorak in neutral zone.
7:13 of 3rd period - Shot by Tomas Hertl.
7:13 of 3rd period - Shot Misses the Net.
7:15 of 3rd period - Shot by Tomas Hertl.
7:15 of 3rd period - Goal by Tomas Hertl - MINNESOTA : 3 - DETROIT : 3.
7:16 of 3rd period - John Tavares wins face-off versus Scott Laughton in neutral zone.
7:25 of 3rd period - Shot by Zach Hyman.
7:25 of 3rd period - Shot Misses the Net.
8:06 of 3rd period - Shot by Tomas Hertl.
8:06 of 3rd period - Stopped by John Gibson without a rebound.
8:07 of 3rd period - Kyle Connor wins face-off versus Ryan Nugent-Hopkins in DETROIT zone.
8:07 of 3rd period - Kyle Connor is hit by Ian Cole.
8:11 of 3rd period - Shot by Nikita Kucherov.
8:11 of 3rd period - Shot Misses the Net.
8:23 of 3rd period - Shot by Taylor Hall.
8:23 of 3rd period - Stopped by Andrei Vasilevskiy without a rebound.
8:24 of 3rd period - Christian Dvorak wins face-off versus Colin White in MINNESOTA zone.
8:47 of 3rd period - Torey Krug is hit by Zemgus Girgensons and loses puck.
9:18 of 3rd period - Icing by Oscar Klefbom.
9:19 of 3rd period - Ryan Nugent-Hopkins wins face-off versus Kyle Connor in DETROIT zone.
10:19 of 3rd period - Off-side.
10:20 of 3rd period - Christian Dvorak wins face-off versus John Tavares in neutral zone.
10:36 of 3rd period - Max Domi is hit by Oliver Ekman-Larsson and loses puck.
10:48 of 3rd period - Off-side.
10:49 of 3rd period - Colin White wins face-off versus Scott Laughton in neutral zone.
10:57 of 3rd period - Shot by Aaron Ekblad.
10:57 of 3rd period - Shot Blocked by Brett Kulak.
11:00 of 3rd period - Minor Penalty to Brett Kulak for Roughing.
11:01 of 3rd period - Johan Larsson wins face-off versus Taylor Hall in MINNESOTA zone.
11:01 of 3rd period - Johan Larsson is hit by Ryan Nugent-Hopkins.
11:08 of 3rd period - Icing by Tyler Myers.
11:09 of 3rd period - Johan Larsson wins face-off versus Ryan Nugent-Hopkins in DETROIT zone.
12:22 of 3rd period - Shot by Oscar Klefbom.
12:22 of 3rd period - Shot Misses the Net.
13:19 of 3rd period - Scott Laughton is hit by Brett Kulak and loses puck.
14:16 of 3rd period - Off-side.
14:17 of 3rd period - Christian Dvorak wins face-off versus Colin White in neutral zone.
14:26 of 3rd period - Shot by Zemgus Girgensons.
14:26 of 3rd period - Deflect By Christian Dvorak.
14:26 of 3rd period - Shot Blocked by Erik Karlsson.
14:28 of 3rd period - Shot by Zemgus Girgensons.
14:28 of 3rd period - Stopped by Andrei Vasilevskiy without a rebound.
14:29 of 3rd period - Ryan Nugent-Hopkins wins face-off versus Johan Larsson in MINNESOTA zone.
14:42 of 3rd period - Shot by Taylor Hall.
14:42 of 3rd period - Stopped by Andrei Vasilevskiy without a rebound.
14:43 of 3rd period - Christian Dvorak wins face-off versus Tomas Hertl in MINNESOTA zone.
15:02 of 3rd period - Shot by Zemgus Girgensons.
15:02 of 3rd period - Stopped by Andrei Vasilevskiy without a rebound.
15:03 of 3rd period - John Tavares wins face-off versus Ryan Nugent-Hopkins in MINNESOTA zone.
15:03 of 3rd period - John Tavares is hit by Ryan Nugent-Hopkins.
15:32 of 3rd period - Shot by John Tavares.
15:32 of 3rd period - Shot Blocked by Aaron Ekblad.
15:34 of 3rd period - Shot by John Tavares.
15:34 of 3rd period - Shot Misses the Net.
16:01 of 3rd period - Off-side.
16:02 of 3rd period - Colin White wins face-off versus Max Domi in neutral zone.
16:25 of 3rd period - Shot by Christian Dvorak.
16:25 of 3rd period - Deflect By Max Domi.
16:25 of 3rd period - Stopped by Andrei Vasilevskiy without a rebound.
16:26 of 3rd period - Scott Laughton wins face-off versus Tomas Hertl in MINNESOTA zone.
16:40 of 3rd period - Scott Laughton is hit by Oliver Ekman-Larsson and loses puck.
16:58 of 3rd period - Shot by Colton Sceviour.
16:58 of 3rd period - Stopped by Andrei Vasilevskiy without a rebound.
16:59 of 3rd period - Christian Dvorak wins face-off versus John Tavares in MINNESOTA zone.
17:02 of 3rd period - Shot by Max Domi.
17:02 of 3rd period - Deflect By Zemgus Girgensons.
17:02 of 3rd period - Shot Blocked by Mark Giordano.
17:20 of 3rd period - Shot by Tyler Myers.
17:20 of 3rd period - Stopped by Andrei Vasilevskiy with a rebound.
17:38 of 3rd period - Tyler Myers is hit by Tanner Pearson and loses puck.
18:12 of 3rd period - Taylor Hall is hit by Mark Giordano and loses puck.
18:24 of 3rd period - Icing by Mark Giordano.
18:25 of 3rd period - John Tavares wins face-off versus Scott Laughton in MINNESOTA zone.
18:25 of 3rd period - John Tavares is hit by Justin Abdelkader.
19:10 of 3rd period - Minor Penalty to Patrik Nemeth for Roughing.
19:11 of 3rd period - Ryan Nugent-Hopkins wins face-off versus Dominik Kahun in DETROIT zone.
19:28 of 3rd period - Shot by Kyle Connor.
19:28 of 3rd period - Shot Misses the Net.
19:30 of 3rd period - Shot by Kyle Connor.
19:30 of 3rd period - Shot Misses the Net.
19:32 of 3rd period - Shot by Brett Kulak.
19:32 of 3rd period - Shot Misses the Net.
19:34 of 3rd period - Shot by Torey Krug.
19:34 of 3rd period - Deflect By Nikita Kucherov.
19:34 of 3rd period - Stopped by John Gibson without a rebound.
19:35 of 3rd period - Ryan Nugent-Hopkins wins face-off versus Tomas Hertl in DETROIT zone.
19:35 of 3rd period - Ryan Nugent-Hopkins is hit by William Carrier.
19:44 of 3rd period - Icing by Erik Karlsson.
19:45 of 3rd period - Ryan Nugent-Hopkins wins face-off versus Tomas Hertl in MINNESOTA zone.
Goals for this period are 2 for MINNESOTA vs 1 for DETROIT.
Shots for this period are 7 for MINNESOTA vs 11 for DETROIT.

Overtime #1


0:01 of 1st overtime period - Ryan Nugent-Hopkins wins face-off versus John Tavares in neutral zone.
0:24 of 1st overtime period - Shot by John Tavares.
0:24 of 1st overtime period - Shot Blocked by Oscar Klefbom.
0:26 of 1st overtime period - Shot by Nikita Kucherov.
0:26 of 1st overtime period - Shot Blocked by Ryan Nugent-Hopkins.
0:28 of 1st overtime period - Shot by Nikita Kucherov.
0:28 of 1st overtime period - Shot Blocked by Oscar Klefbom.
1:12 of 1st overtime period - Shot by Kyle Connor.
1:12 of 1st overtime period - Stopped by John Gibson with a rebound.
1:16 of 1st overtime period - Shot by William Carrier.
1:16 of 1st overtime period - Stopped by John Gibson without a rebound.
1:17 of 1st overtime period - Dominik Kahun wins face-off versus Calle Jarnkrok in DETROIT zone.
2:30 of 1st overtime period - Shot by Zach Hyman.
2:30 of 1st overtime period - Deflect By Kyle Connor.
2:30 of 1st overtime period - Shot Misses the Net.
2:40 of 1st overtime period - Shot by Mark Giordano.
2:40 of 1st overtime period - Goal by Mark Giordano - MINNESOTA : 4 - DETROIT : 3.
Goals for this period are 1 for MINNESOTA vs 0 for DETROIT.
Shots for this period are 3 for MINNESOTA vs 0 for DETROIT.